 Dungeon Crawl Stone Soup version 0.30.0-19-g36f170ea60 (webtiles) character file.

Game seed: 1905643616541015079

102 MacCMillion the Shield-Bearer (level 4, -3/38 HPs)
             Began as a Ghoul Fighter on May 30, 2023.
             Slain by Menkaure (7 damage)
             ... on level 4 of the Dungeon.
             The game lasted 00:03:33 (2626 turns).

MacCMillion the Shield-Bearer (Ghoul Fighter)       Turns: 2626, Time: 00:03:34

Health: -3/38      AC: 10    Str: 21    XL:     4   Next: 77%
Magic:  3/3        EV:  7    Int:  3    God:
Gold:   154        SH:  4    Dex:  8    Spells: 3/3 levels left

rFire   . . .        a - +0 war axe
rCold   + . .        c - +0 buckler
rNeg    + + +        e - +0 chain mail
rPois   ∞            (no helmet)
rElec   .            (no cloak)
rCorr   .            (no gloves)
SInv    .            u - +0 pair of boots
Will    .....        (no amulet) Stlth
                     (no ring)
HPRegen 0.00/turn    (no ring)
MPRegen 0.08/turn

%: no passive effects
@: inhibited regen
A: claws 1, cold resistance 1, negative energy resistance 3, inhibited
regeneration, torment resistance 2, devour on kill
a: no special abilities


You were on level 4 of the Dungeon.
You visited 1 branch of the dungeon, and saw 4 of its levels.

You collected 154 gold pieces.

Inventory:

Hand Weapons
 a - a +0 war axe (weapon)
Missiles
 p - 2 javelins (quivered)
 q - 11 poisoned darts
Armour
 b - a +0 scale mail
 c - a +0 buckler (worn)
 e - a +0 chain mail (worn)
 u - a +0 pair of boots (worn)
Scrolls
 g - a scroll of butterflies {unknown}
 i - a scroll of teleportation {unknown}
 j - a scroll of enchant armour {unknown}
 k - 2 scrolls of noise {unknown}
 m - a scroll of brand weapon {unknown}
 n - a scroll of poison {unknown}
 r - 2 scrolls of vulnerability {unknown}
 s - 2 scrolls of silence {unknown}
 v - a scroll of blinking {unknown}
 x - a scroll of fog {unknown}
 y - a scroll of amnesia {unknown}
Potions
 d - a potion of might
 f - 2 potions of degeneration
 h - a potion of brilliance
 l - 2 potions of curing
 o - a potion of flight
 t - a potion of invisibility
 w - a potion of heal wounds {unknown}


   Skills:
 - Level 3.2 Fighting
 + Level 3.1 Axes
 - Level 3.0 Armour
 + Level 3.8 Shields


You had 3 spell levels left.
You didn't know any spells.
Your spell library contained the following spells:

 Spells                   Type           Power      Damage    Failure   Level
 Sandblast                Erth           0%         2d4       99%         1
 Passwall                 Tmut/Erth      0%         N/A       100%        2
 Stone Arrow              Conj/Erth      0%         3d7       100%        3


Dungeon Overview and Level Annotations

Branches:
Dungeon (4/15)
 Temple: D:4-7

Altars:
Kikubaaqudgha

Annotations:
D:4 Menkaure


Innate Abilities, Weirdness & Mutations

You are immune to poison.
You have sharp fingernails.
Your flesh is cold resistant. (rC+)
You are immune to negative energy. (rN+++)
You do not regenerate when monsters are visible.
You are immune to unholy pain and torment.
You thrive by killing the living.


Message History

You hit the dart slug.
You kill the dart slug!
No target in view!
You see here a dart slug corpse.
Found a stone staircase leading up.
There is a stone staircase leading down here.
Found an escape hatch in the ceiling.
Found a dagger.
There is an escape hatch in the ceiling here.
r - 2 scrolls labelled INUSHR POIM (gained 1)
Found a stone staircase leading down.
Found a scale mail.
You now have 154 gold pieces (gained 20).
A kobold comes into view. It is wielding a +0 dagger.
The kobold shouts!
You hit the kobold.
You kill the kobold!
No target in view!
No target in view!
You see here a +0 dagger.
Menkaure, Prince of Dust comes into view.
Menkaure shouts!
Menkaure is nearby!
Menkaure mumbles some strange words.
Menkaure seems to speed up.
An endoplasm comes into view.
The endoplasm quivers.
You block Menkaure's attack. Menkaure hits you!
You slash Menkaure!
Menkaure is heavily damaged.
Menkaure hits you but does no damage.
You slash Menkaure!
Menkaure is almost destroyed.
Menkaure hits you! x2
* * * LOW HITPOINT WARNING * * *
You are too injured to fight recklessly!
You barely miss Menkaure.
Menkaure is almost destroyed.
Menkaure hits you!
You die...

#. #. . ###. ##. ###... #..
...#J #.# ####...###.#
......M.##.# #@##.# ..#
#....## ....# ## ###...##
....# #. # #.#).## ....#
###.#####.### ...##..##....#
##.............######..[....#
#.........# ## #..........#
##. #.<# ## #....##.#.....#
... #.##... ...#####...>...#


You could see Menkaure (fast) and an endoplasm.

Vanquished Creatures
  2 adders (D:3)
  A worm (D:4)
  2 dart slugs
  2 orcs
  9 bats
  14 endoplasms
  A giant cockroach (D:1)
  4 goblins
  A hobgoblin (D:2)
  9 jackals
  5 kobolds
  2 quokkas
  5 ball pythons
  4 frilled lizards
  5 rats
66 creatures vanquished.

Vanquished Creatures (others)
  A bat (D:1)
1 creature vanquished.

Grand Total: 67 creatures vanquished

Notes
Turn   | Place    | Note
-------+----------+-------------------------------------------
     0 | D:1      | MacCMillion the Ghoul Fighter began the quest for the Orb.
     0 | D:1      | Reached XP level 1. HP: 19/19 MP: 0/0
    59 | D:1      | Reached XP level 2. HP: 22/26 MP: 1/1
   320 | D:1      | Reached XP level 3. HP: 31/31 MP: 2/2
  1536 | D:3      | Reached XP level 4. HP: 38/38 MP: 3/3
  1794 | D:3      | Found an ancient bone altar of Kikubaaqudgha.
  2620 | D:4      | Noticed Menkaure
  2626 | D:4      | Slain by Menkaure

Illustrated notes

Levels and vault maps discovered:
D:1:      dpeg_arrival_ternary, layout_basic, kennysheep_nondescript
D:2:      layout_rooms, chequers_decorated_corner
D:3:      minmay_angry_zag, layout_basic, lemuel_tele_altar
D:4:      layout_rooms, minmay_temple_entry_ruins, uniq_menkaure, uniq_ijyb

Skill      XL: |  1  2  3  4 |
---------------+-------------+-----
Axes           | 2 3 |  3.1
Shields        | 3 |  3.8
Armour         | 3 |  3.0
Fighting       | |  3.2

Action                     |  1- 3 |  4- 6 || total
---------------------------+-------+-------++-------
  Melee: War axe           |    91 |    70 ||   161
    Use: Scroll            |     5 |       ||     5
 Armour: Scale mail        |    56 |    17 ||    73
         Chain mail        |       |    28 ||    28
  Dodge: Dodged            |    49 |    31 ||    80
  Block: Buckler           |    23 |    11 ||    34
